 Dungeon Crawl Stone Soup version 0.28.0-43-g3370ac3207 (webtiles) character file.

Game seed: 15877033384988959627

1836 croobank the Firebug (level 8, -3/63 HPs)
             Began as a Black Draconian Fire Elementalist on Mar 18, 2022.
             Was an Initiate of Hepliaklqana.
             Killed by nerve-wracking pain
             ... invoked by an orc priest
              (6 damage)
             ... on level 6 of the Dungeon.
             The game lasted 00:23:10 (6867 turns).

croobank the Firebug (DrFE)                         Turns: 6867, Time: 00:23:11

Health: -3/63      AC:  8    Str: 11    XL:     8   Next: 87%
Magic:  3/15       EV: 13    Int: 18    God:    Hepliaklqana [......]
Gold:   188        SH:  0    Dex: 11    Spells: 4/16 levels left

rFire   . . .      SeeInvis .   i - +3 rapier (venom)
rCold   . . .      Faith    .   (no shield)
rNeg    . . .      Spirit   .   (armour unavailable)
rPois   .          Reflect  .   (helmet restricted)
rElec   +          Harm     .   r - +0 cloak
rCorr   .          Rampage  .   j - +0 pair of gloves
Will    .....                   (no boots)
Stlth   +++.......              (no amulet)
HPRegen 0.20/turn               (no ring)
MPRegen 0.14/turn               (no ring)

@: very slightly contaminated
A: breathe lightning, AC +6, unfitting armour, electricity resistance,
cold-blooded
a: Breathe Lightning, Renounce Religion


You were on level 6 of the Dungeon.
You worshipped Hepliaklqana.
Hepliaklqana was noncommittal.
You visited 2 branches of the dungeon, and saw 7 of its levels.
You also visited: Sewer.

You collected 214 gold pieces.
You spent 26 gold pieces at shops.

Inventory:

Hand Weapons
 b - a +0 hunting sling
 c - a +1 short sword of venom
 i - a +3 rapier of venom (weapon)
 l - a +2 dagger of speed
 o - a +3 whip
 u - a +2 short sword of draining
 A - a +0 morningstar
Missiles
 h - 229 stones
 k - 71 bolts
 m - a throwing net
 w - 43 arrows
 y - 44 sling bullets
 E - 5 boomerangs
Armour
 j - a +0 pair of gloves (worn)
 r - a +0 cloak (worn)
Jewellery
 e - a ring of positive energy
Scrolls
 d - a scroll of vulnerability {unknown}
 f - 3 scrolls of amnesia {unknown}
 g - a scroll of silence
 n - 3 scrolls of teleportation {unknown}
 p - a scroll of immolation {unknown}
 q - a scroll of noise {unknown}
 B - 2 scrolls of fear {unknown}
Potions
 a - a potion of degeneration {unknown}
 s - a potion of lignification {unknown}
 t - 2 potions of flight {unknown}
 v - 2 potions of heal wounds {unknown}
 x - a potion of mutation {unknown}
 C - a potion of might {unknown}
 D - a potion of attraction {unknown}
 F - a potion of ambrosia


   Skills:
 + Level 3.1 Fighting
 + Level 4.7 Dodging
 + Level 5.2 Stealth
 + Level 4.9 Spellcasting
 + Level 4.9 Conjurations
 + Level 5.7 Fire Magic


You had 4 spell levels left.
You knew the following spells:

 Your Spells              Type           Power      Damage    Failure   Level
a - Foxfire               Conj/Fire      92%        2x1d8     1%          1
b - Scorch                Fire           50%        2d7       1%          2
c - Flame Wave            Conj/Fire      23%        2d7       16%         4
d - Silence               Hex/Air        2%         N/A       98%         5

Your spell library contained the following spells:

 Spells                   Type           Power      Damage    Failure   Level
 Conjure Flame            Conj/Fire      23%        6-21      4%          3
 Inner Flame              Hex/Fire       14%        N/A       12%         3
 Frozen Ramparts          Ice            8%         1d2       38%         3
 Ice Form                 Ice/Tmut       4%         N/A       80%         4
 Passage of Golubria      Tloc           4%         N/A       80%         4
 Summon Ice Beast         Ice/Summ       4%         N/A       80%         4
 Lehudib's Crystal Spear  Conj/Erth      6%         10d3      100%        8


Dungeon Overview and Level Annotations

Branches:
Dungeon (6/15)             Temple (1/1) D:5           Sewer (visited)

Altars:
Cheibriados
Dithmenos
Fedhas
Gozag
Hepliaklqana
Makhleb
Nemelex Xobeh
Okawaru
Qazlal
Sif Muna
Trog
Uskayaw
Vehumet
Wu Jian
Xom
Zin
The Shining One

Shops:
D:2 ?   D:4 *

Annotations:
D:3 Sigmund


Innate Abilities, Weirdness & Mutations

You can breathe wild blasts of lightning.
Your glossy black scales are hard. (AC +6)
You cannot fit into any form of body armour.
You are resistant to electric shocks. (rElec)
You are cold-blooded and may be slowed by cold attacks.


Message History

The orc priest looks encouraged for a moment.
A wave of flame ripples out!
The flame wave engulfs the orc priest but does no damage.
The orc priest is lightly wounded.
The flame wave engulfs the orc warrior.
The orc warrior is moderately wounded.
The orc warrior hits you with a +0 glaive!
The orc priest closely misses you.
A wave of flame ripples out!
The flame wave engulfs the orc priest but does no damage.
The orc priest is lightly wounded.
The flame wave engulfs the orc warrior.
The orc warrior is heavily wounded.
The flame wave engulfs the orc!
You kill the orc!
You finish channelling waves of flame.
The orc warrior hits you with a +0 glaive!
The orc priest hits you with a +0 flail.
Casting: Flame Wave (dangerous; 16% risk of failure)
Confirm with . or Enter, or press ? or * to list all spells.
Casting: Flame Wave (dangerous; 16% risk of failure)
Press: ? - help, Dir - look around, f - activate You miscast Flame Wave.
You are very lightly contaminated with residual magic.
Nothing appears to happen.
The orc warrior hits you with a +0 glaive!
The orc priest hits you with a +0 flail.
* * * LOW HITPOINT WARNING * * *
Casting: Flame Wave (dangerous; 16% risk of failure)
Confirm with . or Enter, or press ? or * to list all spells.
You don't have enough magic to cast this spell.
Okay, then.
The orc warrior hits you from afar with a +0 glaive!
* * * LOW HITPOINT WARNING * * *
The orc priest hits you but does no damage.
Things that are here:
a +2 hand axe of electrocution; an orc corpse The orc priest mumbles some strange prayers to Beogh against you.
Pain shoots through your body!
You die...

.....# ##
....## ####.
#...## .#..
#...## ...
#<..## . ..##
##...####..
#..# ##........
#.)## ##....#..
#@.## #..###
##)o## #...#
##o)# ##...##
#..## ##.....##
##..###.......#
##..##.........
#..#....>.....
##............
###.####.....


You could see an orc warrior and an orc priest.

Vanquished Creatures
  Grinder (D:3)
  2 water moccasins
  An acid dragon (D:5)
  Duvessa (D:4)
  A sky beast (D:5)
  A necrophage (D:5)
  A phantom (D:5)
  2 scorpions (D:5)
  A water moccasin zombie (D:5)
  Dowan (D:4)
  A bullfrog zombie (D:5)
  A jelly (D:5)
  A centaur skeleton (D:4)
  An orc priest (D:5)
  3 bullfrog skeletons (D:5)
  A hound (D:4)
  7 orc wizards
  Natasha (twice) (D:4)
  A killer bee zombie (D:5)
  A hound zombie (D:5)
  Robin (D:4)
  3 gnolls (D:3)
  6 adders
  2 river rats
  5 worms
  An adder skeleton (D:5)
  2 dart slugs (D:4)
  17 orcs
  8 ball pythons
  6 endoplasms
  2 giant cockroaches
  12 goblins
  9 hobgoblins
  9 jackals
  7 kobolds
  A quokka (D:5)
  3 bats
  4 frilled lizards
  10 rats
139 creatures vanquished.

Vanquished Creatures (collateral kills)
  2 foxfires (D:3)
2 creatures vanquished.

Vanquished Creatures (others)
  99 foxfires
  2 fungi (D:3)
101 creatures vanquished.

Grand Total: 242 creatures vanquished

Notes
Turn   | Place    | Note
-------+----------+-------------------------------------------
     0 | D:1      | croobank the Draconian Fire Elementalist began the quest
                  | for the Orb.
     0 | D:1      | Reached XP level 1. HP: 14/14 MP: 3/3
   234 | D:1      | Reached XP level 2. HP: 8/20 MP: 3/5
   531 | D:1      | Found a faded altar of an unknown god.
   636 | D:1      | Learned a level 2 spell: Scorch
  1160 | D:2      | Found Jinaxte's Magic Scroll Shoppe.
  1171 | D:2      | Reached XP level 3. HP: 26/26 MP: 1/6
  1218 | D:2      | Bought a scroll of identify for 26 gold pieces
  2228 | D:3      | Reached XP level 4. HP: 33/33 MP: 3/7
  2563 | D:3      | Found an ornate altar of the Wu Jian Council.
  2563 | D:3      | Noticed Grinder
  2588 | D:3      | Paralysed by Grinder for 6 turns
  2604 | D:3      | Killed Grinder
  2605 | D:3      | Reached XP level 5. HP: 16/38 MP: 1/9
  2605 | D:3      | Reached XP level 6. HP: 19/45 MP: 1/10
  3178 | D:3      | Noticed Sigmund
  3255 | D:4      | Noticed Robin
  3485 | D:4      | Killed Robin
  3725 | D:4      | Noticed Natasha
  3730 | D:4      | Killed Natasha
  3839 | D:4      | Noticed Duvessa
  3839 | D:4      | Noticed Dowan
  3851 | D:4      | Killed Duvessa
  3852 | D:4      | Your scales start taking on a glossy black colour.
  3852 | D:4      | Reached XP level 7. HP: 20/50 MP: 10/12
  3852 | D:4      | Gained mutation: You are resistant to electric shocks.
                  | (rElec) [Black Draconian growth]
  3868 | D:4      | Killed Dowan
  4038 | D:4      | Noticed Natasha
  4040 | D:4      | Killed Natasha
  4178 | D:4      | Found Lachuuf's Neck Hole.
  4689 | D:4      | Learned a level 4 spell: Flame Wave
  4695 | D:4      | Learned a level 5 spell: Silence
  4708 | D:5      | Entered Level 5 of the Dungeon
  4713 | D:5      | Found a staircase to the Ecumenical Temple.
  4858 | Temple   | Entered the Ecumenical Temple
  4866 | Temple   | Became a worshipper of Hepliaklqana the Forgotten
  4956 | D:5      | Reached skill level 1 in Fighting
  4977 | D:5      | Reached skill level 5 in Fire Magic
  4977 | D:5      | Reached XP level 8. HP: 24/57 MP: 14/14
  5177 | D:5      | Found a glowing drain.
  5181 | Sewer    | Entered a sewer
  6121 | D:5      | Reached skill level 5 in Stealth
  6424 | D:5      | Found a sparkling altar of Nemelex Xobeh.
  6426 | D:5      | Found a glowing silver altar of Zin.
  6426 | D:5      | Found a radiant altar of Vehumet.
  6426 | D:5      | Found a snail-covered altar of Cheibriados.
  6866 | D:6      | HP: 3/63 [orc warrior/+0 glaive (11)]
  6867 | D:6      | Killed from afar by an orc priest

Illustrated notes

Levels and vault maps discovered:
D:1:      zaba_arrival_water, layout_loops_ring, basic_ecumenical_altar
D:2:      layout_basic, serial_shops, shop
D:3:      layout_basic, mainiacjoe_overflow_alcove_4, serial_bayou,
          serial_bayou_shore_a, serial_bayou_pond_d, serial_bayou_pond_a,
          serial_bayou_pond_e, uniq_grinder, uniq_sigmund
D:4:      layout_basic, nicolae_shop_sticking_my_neck_out, uniq_robin,
          uniq_duvessa, uniq_natasha
D:5:      minmay_general_purpose_star, layout_loops_ring,
          grunt_temple_overflow_open, minmay_temple_entry_antechambers,
          gup_sewer_entry_spiral
D:6:      layout_cave_pods, gammafunk_temple_of_torment, uniq_menkaure
Temple:   nicolae_temple_no_exploring_needed

Skill      XL: |  1  2  3  4  5  6  7  8 |
---------------+-------------------------+-----
Stealth        | 2 3 4 5 |  5.2
Dodging        | 2 3 4 |  4.7
Conjurations   | 2 3 4 |  4.9
Spellcasting   | 3 4 |  4.9
Fire Magic     | 4 5 |  5.7
Fighting       | 1 3 |  3.1

Action                   |  1- 3 |  4- 6 |  7- 9 || total
-------------------------+-------+-------+-------++-------
Melee: Unarmed           |    21 |       |       ||    21
       Tailslap          |     3 |     8 |    15 ||    26
       Short sword       |     2 |       |       ||     2
       Rapier            |     4 |    61 |   129 ||   194
       Punch             |       |     1 |     2 ||     3
 Cast: Foxfire           |    36 |    20 |     9 ||    65
       Scorch            |    13 |    16 |    41 ||    70
       Flame Wave        |       |       |     5 ||     5
 Abil: Breathe Lightning |       |       |     3 ||     3
  Use: Scroll            |     3 |     1 |     2 ||     6
       Potion            |       |     1 |     1 ||     2
 Stab: Sleeping          |       |       |     1 ||     1
Armor: Skin              |    14 |    47 |    78 ||   139
Dodge: Dodged            |    30 |    83 |   133 ||   246
